[Event "FIDE Grand Swiss 2023"]
[Site "Villa Marina, Douglas, Isle of Man, Isle Of Man"]
[Date "2023.11.05"]
[Round "11.23"]
[White "Kuybokarov, Temur"]
[Black "Bartel, Mateusz"]
[Result "1/2-1/2"]
[TimeControl "40/90 + 30 + 30s/move"]
[WhiteFideId "14203049"]
[BlackFideId "1112635"]
[WhiteElo "2584"]
[BlackElo "2651"]

1. c4 e6 2. Nc3 d5 3. d4 Nf6 4. Nf3 Nbd7 5. Bf4 Bb4 6. cxd5 Nxd5 7. Bd2 N5f6 8. e3 O-O 9. Bd3 b6 10.
a3 Bxc3 11. Bxc3 Bb7 12. O-O Ne4 13. Bb4 c5 14. dxc5 bxc5 15. Bxe4 Bxe4 16. Bc3 Nb6 17. Rc1 f6 18. Ba5 Rc8 19.
Qxd8 Rfxd8 20. Nd2 Bd3 21. Rfd1 c4 22. b3 Rd5 23.
Bxb6 axb6 24. bxc4 Bxc4 25. Nxc4 Rxc4 26. Kf1 Rxd1+ 27. Rxd1 Rc3 28. Rb1 Rxa3 29. Rxb6 Kf7 30. g4 e5 31.
Rb7+ 1/2-1/2

[Event "FIDE Grand Swiss 2023"]
[Site "Villa Marina, Douglas, Isle of Man, Isle Of Man"]
[Date "2023.11.05"]
[Round "11.24"]
[White "Rapport, Richard"]
[Black "Aryan, Chopra"]
[Result "1-0"]
[TimeControl "40/90 + 30 + 30s/move"]
[WhiteFideId "738590"]
[BlackFideId "5084423"]
[WhiteElo "2752"]
[BlackElo "2634"]

1. Nf3 Nf6 2. g3 c5 3. Bg2 Nc6 4. O-O e5 5. d3 d5 6. e4 d4 7. a4 Bg4 8. Na3 h6 9. Qe1 g5 10.
Nd2 Rg8 11. Ndc4 Qd7 12. c3 h5 13. cxd4 cxd4 14. Bd2 Nh7 15.
b4 f6 16. Nc2 Ne7 17. b5 h4 18. Nb4 h3 19. Bh1 Ng6 20. Nd5 Kf7 21. Qb1 Be7 22. Rc1 Rac8 23. Qb3 Be6 24. b6 a6 25.
Nc7 Ngf8 26. Bf3 g4 27. Be2 Bxc4 28. Qxc4+ Ne6 29. Qxe6+ Qxe6 30. Nxe6 Rxc1+ 31. Rxc1 Kxe6 32. Bd1 1-0

[Event "FIDE Grand Swiss 2023"]
[Site "Villa Marina, Douglas, Isle of Man, Isle Of Man"]
[Date "2023.11.05"]
[Round "11.25"]
[White "Shankland, Sam"]
[Black "Murzin, Volodar"]
[Result "1/2-1/2"]
[TimeControl "40/90 + 30 + 30s/move"]
[WhiteFideId "2004887"]
[BlackFideId "44155573"]
[WhiteElo "2698"]
[BlackElo "2633"]

1. Nf3 Nf6 2. c4 e6 3. b3 d5 4. Bb2 Be7 5. e3 O-O 6. Nc3 c5 7. cxd5 exd5 8. Rc1 Nc6 9. Na4 b6 10.
d4 cxd4 11. Nxd4 Bb4+ 12. Bc3 Bxc3+ 13. Nxc3 Bb7 14. Be2 Nxd4 15. Qxd4 Qe7 16. O-O Rfc8 17. Rc2 Qc5 18. Rfc1 Qxd4 19.
exd4 Kf8 20. Kf1 Rc7 21. Nb5 Rxc2 22. Rxc2 Ne8 23. Bd3 Ba6 24. Ke2 Bxb5 25. Bxb5 Nd6 26. Bd7 Ne8 27. Bxe8 Rxe8+ 28. Kd3 f6 29. Rc6 Re1 30.
h4 Rd1+ 31. Ke2 Rxd4 32. Rc8+ Ke7 33. Rc7+ Kd6 34. Rxa7 Rg4 35. g3 h5 36. Kd3 1/2-1/2

[Event "FIDE Grand Swiss 2023"]
[Site "Villa Marina, Douglas, Isle of Man, Isle Of Man"]
[Date "2023.11.05"]
[Round "11.26"]
[White "Ponomariov, Ruslan"]
[Black "Navara, David"]
[Result "1/2-1/2"]
[TimeControl "40/90 + 30 + 30s/move"]
[WhiteFideId "14103320"]
[BlackFideId "309095"]
[WhiteElo "2641"]
[BlackElo "2689"]

1. Nf3 d5 2. g3 g6 3. Bg2 Bg7 4. d4 Nf6 5. O-O O-O 6. c3 Nbd7 7. a4 b6 8. a5 Ba6 9. Re1 c5 10.
Bf4 Nh5 11. Be3 e6 12. Qc1 Qc7 13. Bh6 bxa5 14. Bxg7 Kxg7 15. Nbd2 Rab8 16. Ra2 cxd4 17. Nxd4 e5 18. N4b3 Bc4 19.
Ra3 a4 20. Nxc4 Qxc4 21. Nd2 Qb5 22. c4 dxc4 23. Nxc4 Rfc8 24. Rc3 Nhf6 25. Qc2 Nd5 26. Bxd5 Qxd5 27. Qxa4 Rxb2 28. Rd1 Nc5 29.
Nxb2 Nxa4 30. Rxd5 Nxc3 31. Rxe5 Kf6 32. Ra5 Nxe2+ 33. Kf1 Rc1+ 34. Kxe2 Rc2+ 35. Kf3 Rxb2 36. Rxa7 1/2-1/2

[Event "FIDE Grand Swiss 2023"]
[Site "Villa Marina, Douglas, Isle of Man, Isle Of Man"]
[Date "2023.11.05"]
[Round "11.27"]
[White "Gledura, Benjamin"]
[Black "Sargissian, Gabriel"]
[Result "1/2-1/2"]
[TimeControl "40/90 + 30 + 30s/move"]
[WhiteFideId "712779"]
[BlackFideId "13300881"]
[WhiteElo "2633"]
[BlackElo "2686"]

1. e4 e5 2. Nf3 Nc6 3. Bc4 Nf6 4. d3 Bc5 5. c3 d6 6. O-O a5 7. Re1 O-O 8. h3 Be6 9. Bb5 Ba7 10.
Be3 Bxe3 11. Rxe3 Ne7 12. d4 Ng6 13. Bf1 h5 14. c4 Nh7 15. Nc3 Ng5 16. d5 Bd7 17. Nxg5 Qxg5 18. Nb5 Rac8 19.
Na7 Ra8 20. Nb5 Rac8 21. Na7 Ra8 22. Nb5 1/2-1/2

[Event "FIDE Grand Swiss 2023"]
[Site "Villa Marina, Douglas, Isle of Man, Isle Of Man"]
[Date "2023.11.05"]
[Round "11.28"]
[White "Amin, Bassem"]
[Black "Jumabayev, Rinat"]
[Result "1-0"]
[TimeControl "40/90 + 30 + 30s/move"]
[WhiteFideId "10601457"]
[BlackFideId "13702661"]
[WhiteElo "2680"]
[BlackElo "2585"]

1. e4 e5 2. Nf3 Nc6 3. d4 exd4 4. Nxd4 Nf6 5. Nxc6 bxc6 6. e5 Qe7 7. Qe2 Nd5 8. h4 a5 9. c4 Ba6 10.
Nd2 Nb6 11. b3 a4 12. Bb2 Bb7 13. O-O-O axb3 14. axb3 Qe6 15. Ne4 Ba3 16. Bxa3 Rxa3 17. Qb2 Ra5 18. Bd3 Qxe5 19. c5 Qxb2+ 20. Kxb2 Nd5 21. Ng5 O-O 22. Bxh7+ Kh8 23. Bf5 Rxc5 24. Bxd7 Nb4 25. Rd4 Rb5 26. Rc1 Rb6 27. Bf5 g6 28.
Be4 c5 29. Rxc5 Bxe4 30. Nxe4 c6 31. Nd6 Kg7 32. Nc4 Rb7 33. Na5 Rb6 34. Ka3 Rb5 35. Rxb5 Nc2+ 36. Kb2 Nxd4 37. Re5 Rd8 38.
g3 Ne6 39. Kc3 Kf6 40. Re2 c5 41. Rd2 Ra8 42. Nb7 Ke7 43. Rd5 Ra2 44. Nxc5 Nxc5 45. Rxc5 Kd6 46. b4 Rxf2 47. Kb3 f5 48.
Rc2 Rf1 49. b5 Kd7 50. Rc6 Rb1+ 51. Ka4 Rg1 52. Rc3 Ra1+ 53. Kb4 Ra2 54. b6 Kd6 1-0

[Event "FIDE Grand Swiss 2023"]
[Site "Villa Marina, Douglas, Isle of Man, Isle Of Man"]
[Date "2023.11.05"]
[Round "11.29"]
[White "Shevchenko, Kirill"]
[Black "Mishra, Abhimanyu"]
[Result "1/2-1/2"]
[TimeControl "40/90 + 30 + 30s/move"]
[WhiteFideId "14129574"]
[BlackFideId "30920019"]
[WhiteElo "2671"]
[BlackElo "2592"]

1. e4 e6 2. d4 d5 3. Nd2 c5 4. Ngf3 cxd4 5. Nxd4 Nc6 6. Bb5 Bd7 7. Nxc6 bxc6 8. Bd3 Bd6 9. Qe2 e5 10.
O-O Qe7 11. c4 d4 12. f4 Nf6 13. c5 Bxc5 14. Nc4 exf4 15. Bxf4 Ng4 16. Rac1 O-O 17. e5 Ne3 18. Nxe3 dxe3 19.
Bxh7+ Kxh7 20. Qc2+ Kg8 21. Qxc5 Qxc5 22. Rxc5 Be6 23. Bxe3 Bxa2 24. Rxc6 a5 25. Ra1 Bb3 26. Bc5 Rfb8 27. Rc1 Be6 28. Ba3 Rb5 29. R1c5 Rxc5 30.
Rxc5 a4 31. Rb5 Rc8 32. Bc5 Rd8 33. Bd6 Rc8 34. Bc5 Rd8 1/2-1/2

[Event "FIDE Grand Swiss 2023"]
[Site "Villa Marina, Douglas, Isle of Man, Isle Of Man"]
[Date "2023.11.05"]
[Round "11.30"]
[White "Bluebaum, Matthias"]
[Black "Rodrigue-Lemieux, Shawn"]
[Result "1-0"]
[TimeControl "40/90 + 30 + 30s/move"]
[WhiteFideId "24651516"]
[BlackFideId "2620049"]
[WhiteElo "2668"]
[BlackElo "2488"]

1. Nf3 d5 2. e3 Nf6 3. c4 e6 4. Nc3 Be7 5. b3 O-O 6. Bb2 c5 7. cxd5 Nxd5 8. Qc2 Nc6 9. a3 b6 10.
h4 f5 11. Rd1 Bd7 12. Bc4 Nc7 13. h5 h6 14. d4 cxd4 15. exd4 Na5 16. Be2 Rc8 17. b4 Nb7 18. Ne5 Bf6 19.
Qb3 Nd6 20. O-O b5 21. Rfe1 Qe8 22. Ng6 Rf7 23. Bf3 Nc4 24. Bc1 Na8 25. Bf4 Nab6 26. Bb7 Bc6 27. Bxc8 Qxc8 28. d5 exd5 29. Ne2 Nb2 30. Be5 Nxd1 31.
Bxf6 gxf6 32. Nd4 Bd7 33. Qxd1 Kh7 34. Ne7 Qc3 35. Re3 Qb2 36. Ndxf5 Bxf5 37. Nxf5 Nc4 38. Qxd5 Ne5 39. Qe4 Rd7 40.
Rg3 Qc1+ 41. Kh2 Qc4 42. Nd4+ Kh8 43. Qf4 1-0

[Event "FIDE Grand Swiss 2023"]
[Site "Villa Marina, Douglas, Isle of Man, Isle Of Man"]
[Date "2023.11.05"]
[Round "11.31"]
[White "Shirov, Alexei"]
[Black "Zhalmakhanov, Ramazan"]
[Result "1-0"]
[TimeControl "40/90 + 30 + 30s/move"]
[WhiteFideId "2209390"]
[BlackFideId "13706357"]
[WhiteElo "2655"]
[BlackElo "2447"]

1. e4 c5 2. Nf3 g6 3. c3 d5 4. e5 Nc6 5. Bb5 Bg4 6. Bxc6+ bxc6 7. O-O Bg7 8. Re1 Nh6 9. d3 O-O 10.
Nbd2 f6 11. h3 Bh5 12. Qa4 Qc7 13. g4 Bxg4 14. hxg4 fxe5 15. Nh2 e4 16. Ndf1 exd3 17. Re6 Rac8 18. Bd2 Nf7 19. Rae1 Rfe8 20.
c4 d4 21. Qa3 Nd8 22. R6e4 e5 23. Qxd3 Nf7 24. Ng3 Qd7 25. R4e2 Re6 26. Ne4 Qe7 27. f4 1-0

[Event "FIDE Grand Swiss 2023"]
[Site "Villa Marina, Douglas, Isle of Man, Isle Of Man"]
[Date "2023.11.05"]
[Round "11.32"]
[White "Pichot, Alan"]
[Black "Tari, Aryan"]
[Result "1-0"]
[TimeControl "40/90 + 30 + 30s/move"]
[WhiteFideId "110973"]
[BlackFideId "1510045"]
[WhiteElo "2650"]
[BlackElo "2619"]

1. e4 e5 2. Nf3 Nc6 3. Bc4 Nf6 4. d3 Bc5 5. O-O d6 6. a4 O-O 7. h3 h6 8. Be3 Bxe3 9. fxe3 Be6 10.
Bxe6 fxe6 11. Nbd2 d5 12. c3 Qd6 13. Qb3 Kh8 14. Rf2 b6 15. Raf1 Rae8 16. g4 dxe4 17. dxe4 a6 18. Qc4 Nb8 19. g5 hxg5 20. Nxg5 Kg8 21. Ndf3 Qc6 22. Qe2 Nxe4 23. Nxe5 Rxf2 24.
Rxf2 Ng3 25. Qf3 Qxf3 26. Rxf3 Nf5 27. e4 Nd6 28. b4 Rf8 29. Kf2 Rf6 30. Ke3 a5 31. bxa5 bxa5 32. Kd4 Na6 33. Nc6 e5+ 34. Nxe5 Nb7 35.
Nc4 Nbc5 36. Rxf6 gxf6 37. Nf3 Nxa4 38. Nxa5 N6c5 39. c4 Ne6+ 40. Ke3 Nac5 41. Nc6 Kf7 42. h4 Ng7 43. Nb4 f5 44.
e5 Nce6 45. Nd5 c5 46. Nf4 Nxf4 47. Ng5+ Kg6 48. Kxf4 Nh5+ 49. Kf3 Ng7 50. Nh3 f4 51. Kg4 1-0

[Event "FIDE Grand Swiss 2023"]
[Site "Villa Marina, Douglas, Isle of Man, Isle Of Man"]
[Date "2023.11.05"]
[Round "11.33"]
[White "Svane, Frederik"]
[Black "Sadhwani, Raunak"]
[Result "1/2-1/2"]
[TimeControl "40/90 + 30 + 30s/move"]
[WhiteFideId "12923044"]
[BlackFideId "35093487"]
[WhiteElo "2626"]
[BlackElo "2641"]

1. e4 e5 2. Nf3 Nc6 3. Bc4 Bc5 4. c3 Nf6 5. d3 d6 6. O-O O-O 7. Bg5 h6 8. Bh4 a5 9. Nbd2 Ba7 10.
a3 g5 11. Bg3 Nh7 12. Kh1 Kh8 13.
b4 h5 14. b5 Nb8 15. h4 f6 16. hxg5 fxg5 17. Nxe5 Qe8 18. Nef3 h4 19. Bh2 Nd7 20. d4 Qh5 21. Ne1 g4 22.
Be2 Ndf6 23. Nd3 Ng5 24. e5 Nfe4 25. exd6 cxd6 26. Nf4 Qh6 27. Bd3 g3 28. Nxe4 Nxe4 29. fxg3 hxg3 30. Qh5 Qxh5 31.
Nxh5 Nf2+ 32. Rxf2 gxf2 33. Rf1 Bg4 34. Nf4 Kg7 35. Rxf2 Rac8 36. Be2 Bd7 37. Nh5+ Kg6 38. Rxf8 Rxf8 39.
Bxd6 Rh8 40. g4 Bb8 41. Bxb8 Rxb8 42. Kg2 Kg5 43. Ng3 Bxg4 44. Kf2 Re8 45. c4 Kf4 46. Bxg4 Kxg4 47. Ne2 Rf8+ 48.
Ke3 Rf3+ 49. Ke4 Rxa3 50. c5 Ra2 51. Nc3 Ra3 52. Kd3 Kf5 53. Kc2 a4 54. c6 bxc6 55.
bxc6 Ke6 56. d5+ Ke7 57. Nb5 Rh3 58.
d6+ Ke6 59. c7 Kd7 60. Na7 Rh8 61. c8=Q+ Rxc8+ 62. Nxc8 Kxc8 63. Kb2 Kd7 64. Ka3 Kxd6 65. Kxa4 Ke5 1/2-1/2

[Event "FIDE Grand Swiss 2023"]
[Site "Villa Marina, Douglas, Isle of Man, Isle Of Man"]
[Date "2023.11.05"]
[Round "11.34"]
[White "Bachmann, Axel"]
[Black "Mamedov, Rauf"]
[Result "0-1"]
[TimeControl "40/90 + 30 + 30s/move"]
[WhiteFideId "3700488"]
[BlackFideId "13401653"]
[WhiteElo "2604"]
[BlackElo "2640"]

1. d4 d5 2. c4 c6 3. Nf3 Nf6 4. e3 Bg4 5. h3 Bh5 6. Nc3 e6 7. g4 Bg6 8. Ne5 Nbd7 9. Nxg6 hxg6 10.
Bd2 Bb4 11. Bd3 dxc4 12. Bxc4 Qe7 13. Qf3 Nd5 14. Bb3 O-O-O 15. e4 Nc7 16. O-O-O e5 17. d5 Nc5 18. Bc4 Bxc3 19. Bxc3 cxd5 20.
exd5 Na4 21. Rhe1 f6 22. Re3 Kb8 23. Red3 Nxc3 24. d6 Rxd6 25. Rxd6 Nxd1 26. Qxd1 a6 27. Bf1 Ne6 28. Rd7 Rc8+ 29.
Kb1 Rd8 30. Rxd8+ Nxd8 31. Qd5 Ne6 32. a3 Nf4 33. Qb3 Qd6 34. h4 Ka7 35. Ka2 Qd4 36. f3 f5 37. gxf5 gxf5 38. Qc2 g6 39.
Bc4 e4 40. fxe4 fxe4 41. Kb1 e3 42. Bf1 Kb8 43. Kc1 Qd8 44. Qh2 Qd6 45. Kc2 Ka8 46. Bc4 Qd4 47. Kb3 e2 0-1

[Event "FIDE Grand Swiss 2023"]
[Site "Villa Marina, Douglas, Isle of Man, Isle Of Man"]
[Date "2023.11.05"]
[Round "11.35"]
[White "Suleymanli, Aydin"]
[Black "Van Foreest, Jorden"]
[Result "1/2-1/2"]
[TimeControl "40/90 + 30 + 30s/move"]
[WhiteFideId "13413937"]
[BlackFideId "1039784"]
[WhiteElo "2588"]
[BlackElo "2707"]

1. e4 e5 2. Nf3 Nc6 3. Bb5 Nf6 4. O-O Nxe4 5. Re1 Nd6 6. Nxe5 Be7 7. Bf1 Nf5 8. Nf3 O-O 9. d4 d5 10.
c3 Bd6 11. g3 h6 12. a4 Re8 13. Bg2 Bf8 14. Rxe8 Qxe8 15. Ne1 Nce7 16. Nd3 a5 17. h4 c6 18. Qf3 Nd6 19. Bf4 Ng6 20.
Bxd6 Bxd6 21. Nd2 Qd8 22. Re1 Nf8 23. Nf1 Be6 24. Ne3 Qd7 25. Nf4 Bxf4 26. Qxf4 Re8 27. Nf1 Ng6 28. Qd2 Ne7 29.
Ne3 Nc8 30. b3 Nd6 31. Qc1 Qd8 32. Rd1 Nf5 33. Nxf5 Bxf5 34. c4 Be4 35. Qc3 g5 36. hxg5 hxg5 37. Re1 Bxg2 38. Rxe8+ Qxe8 39.
Kxg2 Qe4+ 40. Kg1 Kg7 41. cxd5 cxd5 42. Qxa5 Qxd4 43. Qd8 Qd2 44. a5 d4 45. b4 Qe1+ 46. Kg2 Qe4+ 47. Kg1 f6 48.
b5 d3 49. a6 bxa6 1/2-1/2

[Event "FIDE Grand Swiss 2023"]
[Site "Villa Marina, Douglas, Isle of Man, Isle Of Man"]
[Date "2023.11.05"]
[Round "11.36"]
[White "Martirosyan, Haik M."]
[Black "Durarbayli, Vasif"]
[Result "1/2-1/2"]
[TimeControl "40/90 + 30 + 30s/move"]
[WhiteFideId "13306553"]
[BlackFideId "13402935"]
[WhiteElo "2696"]
[BlackElo "2625"]

1. d4 d5 2. c4 c6 3. Nf3 Nf6 4. Nc3 e6 5. Bg5 h6 6. Bxf6 Qxf6 7. e3 g6 8. Bd3 Bg7 9. O-O O-O 10.
e4 Qd8 11. e5 c5 12. dxc5 dxc4 13. Bxc4 Nd7 14. Qe2 Nxc5 15. Rad1 Qe7 16. Qe3 a6 17. Rd6 b5 18. Be2 Qa7 19.
Qf4 Bb7 20. Rfd1 Rac8 21. a3 Qa8 22. Ne1 Ne4 23. Nxe4 Bxe4 24. Bf3 Rc4 25. R6d4 Bxf3 26. Nxf3 Rc2 27. R4d2 Qc6 28. h4 Rxd2 29.
Rxd2 a5 30. Kh2 Rc8 31. Rd6 Qc2 32. Rd2 Qb1 33. Kg3 a4 34. Rd7 Qf5 35. Rb7 Rc5 36. Rb8+ Kh7 37. Rb7 Kg8 1/2-1/2

[Event "FIDE Grand Swiss 2023"]
[Site "Villa Marina, Douglas, Isle of Man, Isle Of Man"]
[Date "2023.11.05"]
[Round "11.37"]
[White "Mendonca, Leon Luke"]
[Black "Xiong, Jeffery"]
[Result "1-0"]
[TimeControl "40/90 + 30 + 30s/move"]
[WhiteFideId "35028561"]
[BlackFideId "2047640"]
[WhiteElo "2622"]
[BlackElo "2693"]

1. e4 c6 2. Nf3 d5 3. Nc3 Bg4 4. h3 Bxf3 5. Qxf3 e6 6. Be2 Bc5 7. O-O Ne7 8. Na4 Bd6 9. d4 dxe4 10.
Qxe4 Nd7 11. Rd1 Nf6 12. Qf3 Qa5 13. Nc3 Qf5 14. Qxf5 Nxf5 15. Rd3 h6 16. Bd2 O-O-O 17. Rd1 Rd7 18.
Bc1 Rhd8 19. Nb1 Nd5 20. c3 Bf4 21. Nd2 c5 22. dxc5 Nxc3 23. Rxc3 Bxd2 24. c6 bxc6 25. Rxc6+ Kb8 26.
Rc5 Bg5 27. Rxd7 Rxd7 28. Bxg5 hxg5 29. Ba6 Rc7 30. Rb5+ Ka8 31. g3 Nd4 32. Rb4 Rc1+ 33. Kg2 Nc2 34. Rb3 Nd4 35. Rb4 Nc2 36.
Rb3 Nd4 37. Rd3 e5 38. Rc3 Rxc3 39. bxc3 Nf5 40. Kf3 f6 41. Ke4 Ne7 42. Kd3 Kb8 43. Kc4 Kc7 44. Kc5 Kd7 45. Bb5+ Ke6 46. Bc4+ Kd7 47. Be2 f5 48.
Bc4 e4 49. g4 g6 50. Bf7 Kc7 51. Bd5 Kd7 52. Kd4 1-0

[Event "FIDE Grand Swiss 2023"]
[Site "Villa Marina, Douglas, Isle of Man, Isle Of Man"]
[Date "2023.11.05"]
[Round "11.38"]
[White "Grandelius, Nils"]
[Black "Vokhidov, Shamsiddin"]
[Result "1/2-1/2"]
[TimeControl "40/90 + 30 + 30s/move"]
[WhiteFideId "1710400"]
[BlackFideId "14204223"]
[WhiteElo "2689"]
[BlackElo "2578"]

1. e4 c5 2. Nf3 e6 3. d3 d5 4. Qe2 Nf6 5. g3 Be7 6.
Bg2 Nc6 7. a4 b6 8. O-O h6 9. Re1 Ba6 10. Nc3 dxe4 11. Nxe4 O-O 12. a5 Nxa5 13. Ne5 Rc8 14. Bd2 Bb5 15.
Bxa5 bxa5 16. Nc3 a6 17. Nxb5 axb5 18. Nc6 Qd7 19. Nxe7+ Qxe7 20. Rxa5 Qd7 21. Rea1 Rfd8 22. Bf3 b4 23.
Ra7 Qd4 24. b3 Rd7 25. Ra8 Rxa8 26. Rxa8+ Rd8 27. Ra5 Rc8 28. Bb7 Rb8 29. Bf3 Rc8 30. Bb7 Rb8 1/2-1/2

[Event "FIDE Grand Swiss 2023"]
[Site "Villa Marina, Douglas, Isle of Man, Isle Of Man"]
[Date "2023.11.05"]
[Round "11.39"]
[White "Nguyen, Thai Dai Van"]
[Black "Abasov, Nijat"]
[Result "1-0"]
[TimeControl "40/90 + 30 + 30s/move"]
[WhiteFideId "358878"]
[BlackFideId "13402960"]
[WhiteElo "2618"]
[BlackElo "2679"]

1. c4 e6 2. g3 Nf6 3. Bg2 d5 4. Nf3 dxc4 5. Qa4+ Bd7 6. Qxc4 c5 7. d4 Nc6 8. O-O cxd4 9. Nxd4 Rc8 10.
Nc3 Nxd4 11. Qxd4 Bc5 12. Qh4 Bc6 13. Bxc6+ Rxc6 14. Rd1 Qa5 15. Bg5 Be7 16. Ne4 Qe5 17. Nxf6+ Bxf6 18. Bxf6 Qxf6 19.
Qxf6 gxf6 20. Rac1 Rxc1 21. Rxc1 Kd7 22. Rc4 b6 23. Kg2 Rg8 24. Ra4 a5 25. Rh4 Rg7 26. e4 Ke7 27. Rh5 Rg5 28.
Rxh7 Re5 29. Kf3 Kf8 30. Rh8+ Kg7 31. Rb8 Rb5 32. b3 Rb4 33. Rc8 b5 34. Ke3 f5 35. exf5 exf5 36. f3 a4 37.
Rc3 axb3 38. axb3 f4+ 39. Kd2 1-0

[Event "FIDE Grand Swiss 2023"]
[Site "Villa Marina, Douglas, Isle of Man, Isle Of Man"]
[Date "2023.11.05"]
[Round "11.40"]
[White "Krasenkow, Michal"]
[Black "Melkumyan, Hrant"]
[Result "1-0"]
[TimeControl "40/90 + 30 + 30s/move"]
[WhiteFideId "1113100"]
[BlackFideId "13302485"]
[WhiteElo "2531"]
[BlackElo "2650"]

1. d4 d5 2. c4 e6 3. Nc3 Be7 4. Nf3 Nf6 5. Bf4 O-O 6. e3 b6 7. cxd5 Nxd5 8. Nxd5 Qxd5 9. Bd3 Ba6 10.
O-O Qb7 11. Rc1 c5 12. dxc5 bxc5 13. Ng5 Bxg5 14. Bxg5 Rc8 15. b3 Qd5 16. Bxa6 Nxa6 17. Qg4 Qf5 18. Qxf5 exf5 19. Rfd1 f6 20.
Bf4 Rd8 21. a3 Kf7 22. Kf1 g5 23. Bg3 Ke7 24. Ke2 h5 25. h3 h4 26. Bh2 Rac8 27. Rxd8 Rxd8 28. Rc4 Rc8 29. b4 Ke6 30.
b5 Kd5 31. Ra4 Nc7 32. Bxc7 Rxc7 33. Kd3 f4 34. e4+ Ke5 35. f3 Rd7+ 36. Kc3 Rd1 37. Rxa7 Rc1+ 38. Kb2 Rg1 39. b6 Rxg2+ 40. Kc3 Kd6 41. Rf7 1-0

[Event "FIDE Grand Swiss 2023"]
[Site "Villa Marina, Douglas, Isle of Man, Isle Of Man"]
[Date "2023.11.05"]
[Round "11.41"]
[White "Huschenbeth, Niclas"]
[Black "Idani, Pouya"]
[Result "1-0"]
[TimeControl "40/90 + 30 + 30s/move"]
[WhiteFideId "24604747"]
[BlackFideId "12510130"]
[WhiteElo "2605"]
[BlackElo "2633"]

1. e4 e5 2. Nf3 Nc6 3. Bc4 Nf6 4. d3 Bc5 5. c3 a5 6. O-O d6 7. Re1 O-O 8. h3 h6 9. d4 Ba7 10.
Bb3 Re8 11. Bc2 Bd7 12. a4 Rc8 13. Na3 exd4 14. cxd4 Nb4 15. Bb1 d5 16. e5 Ne4 17. Nb5 Bxb5 18. axb5 c5 19. bxc6 Nxc6 20.
Bxe4 dxe4 21. Rxe4 Qd5 22. Rg4 h5 23. Rh4 Nxe5 24. Nxe5 Rxe5 25. Be3 Rd8 26. b4 b6 27. Qe2 Bb8 28.
dxe5 Qxe5 29. Qa2 Qh2+ 30. Kf1 Qh1+ 31. Ke2 Qxg2 32. bxa5 Bg3 33. Rd4 Re8 34. Rf1 Bc7 35. Qb3 Qxh3 36.
axb6 Be5 37. Re4 1-0

[Event "FIDE Grand Swiss 2023"]
[Site "Villa Marina, Douglas, Isle of Man, Isle Of Man"]
[Date "2023.11.05"]
[Round "11.42"]
[White "L'ami, Erwin"]
[Black "Theodorou, Nikolas"]
[Result "1/2-1/2"]
[TimeControl "40/90 + 30 + 30s/move"]
[WhiteFideId "1007998"]
[BlackFideId "4262875"]
[WhiteElo "2627"]
[BlackElo "2619"]

1. d4 Nf6 2. c4 g6 3. Nc3 Bg7 4. e4 d6 5. Be2 e5 6. Nf3 O-O 7. dxe5 dxe5 8. Qxd8 Rxd8 9. Bg5 Re8 10.
Nd5 Nxd5 11. cxd5 c6 12. Bc4 cxd5 13. Bxd5 Na6 14. O-O Nb4 15. Bc4 Be6 16. Rfc1 Bxc4 17. Rxc4 Nc6 18. Nd2 f6 19.
Be3 Bf8 20. Nb3 Rad8 21. Nc5 Bxc5 22. Rxc5 Kf7 23. Kf1 Rd7 24. Rac1 Re6 25. Rd5 Red6 26. Rxd6 Rxd6 27. Ke2 Ke6 28.
f3 Rd7 29. Rc4 a6 30. a4 Rc7 31. Rc3 1/2-1/2

[Event "FIDE Grand Swiss 2023"]
[Site "Villa Marina, Douglas, Isle of Man, Isle Of Man"]
[Date "2023.11.05"]
[Round "11.43"]
[White "Gukesh, D"]
[Black "Akobian, Varuzhan"]
[Result "1-0"]
[TimeControl "40/90 + 30 + 30s/move"]
[WhiteFideId "46616543"]
[BlackFideId "13300580"]
[WhiteElo "2758"]
[BlackElo "2582"]

1. d4 Nf6 2. Bf4 e6 3. e3 d5 4. Nf3 Bd6 5. c3 O-O 6. Bd3 c5 7. Ne5 Qc7 8. Nd2 Nbd7 9. Ndf3 b6 10.
h4 Bb7 11. h5 Rad8 12. g4 Ne4 13. g5 f6 14. gxf6 Ndxf6 15. Ke2 Qc8 16. Qg1 Ba6 17. Rd1 Bxd3+ 18. Rxd3 Rde8 19. h6 Re7 20.
hxg7 Rxg7 21. Bh6 Rff7 22. Bxg7 Rxg7 23. Qf1 Bxe5 24. Nxe5 Qa6 25. Qb1 Kf8 26. Rh4 Ke7 27. Qc2 Rg1 28.
c4 Ng3+ 29. Kf3 dxc4 30. Rd1 Qb7+ 31. d5 Nf5 32. Rxg1 Qxd5+ 33. Ke2 Nxh4 34. Qxc4 Qxe5 35. Qxh4 Qxb2+ 36. Kf3 Kd6 37. Qf4+ Qe5 38. Qxe5+ Kxe5 39. Rg7 a5 40.
Rb7 Nd5 41. e4 Nc3 42. Rxb6 Nxe4 43. Rb5 a4 44. Ra5 Nc3 45. Rxc5+ Kd4 46. Rh5 e5 47. a3 e4+ 48. Kf4 Kc4 49.
Ke3 Nb5 50. Rxh7 Nxa3 51. Ra7 Nc2+ 52. Kxe4 a3 53. f4 Kb3 54. f5 a2 55. Rxa2 Kxa2 56. f6 1-0

[Event "FIDE Grand Swiss 2023"]
[Site "Villa Marina, Douglas, Isle of Man, Isle Of Man"]
[Date "2023.11.05"]
[Round "11.44"]
[White "Ivanchuk, Vasyl"]
[Black "Parligras, Mircea-Emilian"]
[Result "0-1"]
[TimeControl "40/90 + 30 + 30s/move"]
[WhiteFideId "14100010"]
[BlackFideId "1204297"]
[WhiteElo "2653"]
[BlackElo "2561"]

1. c4 e6 2. Nc3 d5 3. d4 Nf6 4. cxd5 exd5 5. Bg5 Be7 6. e3 h6 7. Bh4 Bg4 8. f3 Be6 9. Bd3 c5 10.
Nge2 Nc6 11. O-O O-O 12. a3 cxd4 13. exd4 Rc8 14. Kh1 Re8 15. Na4 Nd7 16. Bxe7 Qxe7 17. Qd2 Qf6 18. Rad1 Bf5 19.
Bxf5 Qxf5 20. Nc5 Rc7 21. Rf2 b6 22. Nxd7 Rxd7 23. g4 Qg5 24. Qxg5 hxg5 25. Nc3 Na5 26. Kg2 f6 27. Kg3 Kf7 28.
h4 gxh4+ 29. Kxh4 Re3 30. Kg3 Nc4 31. Rc2 Nxb2 0-1

[Event "FIDE Grand Swiss 2023"]
[Site "Villa Marina, Douglas, Isle of Man, Isle Of Man"]
[Date "2023.11.05"]
[Round "11.45"]
[White "Adhiban, B."]
[Black "Santos Latasa, Jaime"]
[Result "1/2-1/2"]
[TimeControl "40/90 + 30 + 30s/move"]
[WhiteFideId "5018471"]
[BlackFideId "2293307"]
[WhiteElo "2551"]
[BlackElo "2650"]

1. e4 e5 2. Nf3 Nc6 3. Bc4 Bc5 4. c3 Nf6 5. d4 exd4 6. e5 d5 7. Bb5 Ne4 8. cxd4 Bb6 9. Nc3 O-O 10.
Be3 f5 11. exf6 Nxf6 12. Bxc6 bxc6 13. Ne5 Qd6 14. O-O c5 15. dxc5 Bxc5 16. Bxc5 Qxc5 17. Na4 Qd6 18. Qd4 Nh5 19. f4 Rf5 20. g3 g5 21. Ng4 gxf4 22.
Rae1 Ba6 23. Nc5 fxg3 24. Nh6+ Qxh6 25. Rxf5 gxh2+ 26. Kf2 Bc4 27. Nd7 Ng7 28. Nf6+ Kh8 29. Ne8 Kg8 30. Nf6+ Kh8 31.
Ne8 Kg8 32. Nf6+ 1/2-1/2

[Event "FIDE Grand Swiss 2023"]
[Site "Villa Marina, Douglas, Isle of Man, Isle Of Man"]
[Date "2023.11.05"]
[Round "11.46"]
[White "Dardha, Daniel"]
[Black "Svane, Rasmus"]
[Result "1/2-1/2"]
[TimeControl "40/90 + 30 + 30s/move"]
[WhiteFideId "240990"]
[BlackFideId "4657101"]
[WhiteElo "2580"]
[BlackElo "2646"]

1. d4 Nf6 2. c4 e6 3. g3 d5 4. Bg2 Be7 5. Nf3 O-O 6. O-O dxc4 7. Qc2 a6 8. a4 Bd7 9. Qxc4 Bc6 10.
Bg5 Bd5 11. Qc2 Be4 12. Qd1 c5 13. dxc5 h6 14. Bxf6 Bxf6 15. Nc3 Bxc3 16. bxc3 Nd7 17. Qd4 Bc6 18. Ne5 Nxe5 19. Qxe5 Bxg2 20.
Kxg2 Qa5 21. Rfb1 Rac8 22. Rxb7 Rxc5 23. Qd6 Qxc3 24. Rd1 Qa5 25. Rd4 Rc2 26. e3 g5 27. Rb8 Rxb8 28. Qxb8+ Kg7 29.
g4 Qc7 30. Qxc7 Rxc7 1/2-1/2

[Event "FIDE Grand Swiss 2023"]
[Site "Villa Marina, Douglas, Isle of Man, Isle Of Man"]
[Date "2023.11.05"]
[Round "11.47"]
[White "Warmerdam, Max"]
[Black "Gurel, Ediz"]
[Result "1/2-1/2"]
[TimeControl "40/90 + 30 + 30s/move"]
[WhiteFideId "1048104"]
[BlackFideId "44507356"]
[WhiteElo "2636"]
[BlackElo "2514"]

1. d4 d5 2. c4 c6 3. Nf3 Nf6 4. Nc3 e6 5. e3 Nbd7 6. Be2 Bd6 7. O-O O-O 8. b3 b6 9. a4 Bb7 10.
Bb2 Re8 11. Qc2 Rc8 12. Rfd1 a5 13. Rac1 Qe7 14. h3 h6 15. Qb1 Bb8 16. Re1 Bd6 17. e4 dxe4 18. Nxe4 Nxe4 19. Qxe4 Nf6 20.
Qh4 Bb4 21. Red1 c5 22. Ne5 cxd4 23. Bxd4 Bc5 24. Ng4 Bxd4 25. Rxd4 Ne4 26. Qxe7 Rxe7 27. Rcd1 f6 28. Bd3 Nc5 29.
Bg6 Rf8 30. Rd6 Nxb3 31. Rxb6 Nc5 32. Rb5 Nxa4 33. Rxa5 Nc3 34. Re1 Rc8 35. c5 Nd5 36. g3 Bc6 37. h4 Kf8 38. Ra6 Bb5 39.
Rd6 Be8 40. Bxe8 Kxe8 41. Rdxe6 1/2-1/2